 Dungeon Crawl Stone Soup version 0.30-a0-364-gf6b3ef1049 (webtiles) character file.

Game seed: 5477586888694905037

32 mcwallace the Sneak (level 3, 0/20 HPs)
             Began as a Kobold Enchanter on Nov 16, 2022.
             Slain by a quokka (5 damage)
             ... on level 2 of the Dungeon.
             The game lasted 00:01:09 (732 turns).

mcwallace the Sneak (Kobold Enchanter)               Turns: 732, Time: 00:01:11

Health: 0/20       AC:  2    Str:  5    XL:     3   Next: 42%
Magic:  6/6        EV: 15    Int: 16    God:
Gold:   145        SH:  0    Dex: 17    Spells: 6/6 levels left

rFire   . . .      SeeInvis .    a - +1 dagger {short}
rCold   . . .      Faith    .    (no shield)
rNeg    . . .      Spirit   .    b - +0 robe
rPois   .          Reflect  .    (no helmet)
rElec   .          Harm     .    (no cloak)
rCorr   .          Rampage  .    (no gloves)
Will    .....                    (no boots)
Stlth   ++++......               (no amulet)
HPRegen 0.23/turn                (no ring)
MPRegen 0.10/turn                (no ring)

@: no status effects
A: small, no large weapons, nightstalker 3
a: no special abilities


You were on level 2 of the Dungeon.
You visited 1 branch of the dungeon, and saw 2 of its levels.

You collected 145 gold pieces.


Innate Abilities, Weirdness & Mutations

You are small and have problems with some larger weapons.
You are completely attuned to the shadows.


   Skills:
 + Level 1.1 Fighting
 + Level 2.1 Short Blades
 + Level 2.8 Dodging
 + Level 4.3 Stealth
 + Level 0.2 Shields
 + Level 2.4 Spellcasting
 + Level 3.1 Hexes


You had 6 spell levels left.
You didn't know any spells.
Your spell library contained the following spells:

 Spells                   Type           Power      Damage    Failure   Level
 Ensorcelled Hibernation  Hex/Ice        14%        N/A       16%         2
 Confusing Touch          Hex            12%        N/A       16%         3
 Tukima's Dance           Hex            12%        N/A       16%         3
 Dazzling Flash           Conj/Hex       14%        N/A       30%         3

Inventory:

Hand Weapons
 a - a +1 dagger (weapon) {short}
Missiles
 d - 11 stones (quivered) {throwing}
 f - 3 poisoned darts {throwing}
Armour
 b - a +0 robe (worn)
 k - a +0 kite shield
   (You found it on level 1 of the Dungeon)
Scrolls
 e - a scroll of enchant armour {unknown}
 h - a scroll of immolation {unknown}
 j - 2 scrolls of teleportation {unknown}
 l - a scroll of magic mapping {unknown}
 n - a scroll of identify {unknown}
 o - a scroll of vulnerability {unknown}
Potions
 c - 2 potions of invisibility
 g - a potion of flight {unknown}
 i - a potion of lignification {unknown}
 m - 2 potions of curing {unknown}

Dungeon Overview and Level Annotations

Branches:
Dungeon (2/15) Zot: 11273

Altars:

#...)........####
#........###...
#..............
.##.......######
..........##...
##.).........#
#.............
#.........####.
...#.....@#...
#####rhB..
#..r.... #.......
#.......
.........
##.....$.


You could see a quokka, a jackal, a giant cockroach and a rat.


Message History

There is a large open door here.
Done exploring.
Done exploring.
Done exploring.
Done exploring.
Done exploring.
There is a stone staircase leading down here.
You climb downwards.
There is a stone staircase leading up here.
Found an escape hatch in the floor.
A goblin comes into view. It is wielding a +0 dagger.
The goblin barely misses you.
You hit the goblin.
You kill the goblin!
No target in view!
No target in view!
o - a scroll labelled RIMOORONIXO
m - 2 black potions (gained 1)
A jackal comes into view.
The jackal moves out of view.
A jackal is nearby!
A jackal is nearby!
A jackal and a quokka come into view.
The jackal bites you.
The jackal bites you but does no damage. 😕 HP[-2]
You take 2 damage, and now have 18/20 hp.
You closely miss the jackal.
The jackal bites you but does no damage.
The jackal barks!
You hit the jackal. The jackal bites you. 😮 HP[-3]
You take 3 damage, and now have 15/20 hp.
You are too injured to fight recklessly!
Unknown command.
You hit the jackal. The jackal misses you. The jackal completely misses you.
A rat comes into view.
The jackal bites you. The jackal barely misses you. 😮 HP[-1]
You take 1 damage, and now have 14/20 hp.
The jackal misses you. The jackal attacks as you move away!
The jackal barely misses you. The jackal attacks as you move away!
The jackal closely misses you.
You hit the jackal.
You kill the jackal!
The jackal misses you. x2
You closely miss the quokka.
A giant cockroach comes into view.
The quokka bites you.
The jackal bites you but does no damage. 😮 HP[-1]
You take 1 damage, and now have 13/20 hp.
You miss the quokka. The quokka barely misses you.
The jackal misses you. 😮 HP[+1]
You hit the quokka. The quokka closely misses you. The jackal bites you.
The quokka barely misses you. 😮 HP[-2]
You take 2 damage, and now have 12/20 hp.
You closely miss the quokka. The jackal misses you.
The jackal bites you but does no damage.
The quokka closely misses you.
You closely miss the quokka. The jackal bites you.
The quokka misses you. 😮 HP[-1]
You take 1 damage, and now have 11/20 hp.
You closely miss the quokka. The jackal closely misses you.
The quokka closely misses you. 😮 HP[+1]
You hit the quokka but do no damage. The jackal barely misses you.
The quokka completely misses you.
You hit the quokka. The jackal misses you. The quokka closely misses you.
You closely miss the quokka. The jackal bites you.
The quokka closely misses you.
The jackal completely misses you. 😮 HP[-1]
You take 1 damage, and now have 11/20 hp.
You closely miss the quokka. The quokka completely misses you.
The jackal completely misses you.
You closely miss the quokka.
The jackal bites you but does no damage.
The quokka closely misses you. 😮 HP[+1]
You barely miss the quokka. The jackal barely misses you. The quokka bites you.
* * * LOW HITPOINT WARNING * * *
The jackal closely misses you. 😨 HP[-5]
You take 5 damage, and now have 7/20 hp.
MASSIVE DAMAGE!! (PAUSE)
You hit the quokka but do no damage. The quokka bites you.
* * * LOW HITPOINT WARNING * * *
The jackal barely misses you.
The rat twitches its whiskers.
The quokka closely misses you. 😱 HP[-3]
You take 3 damage, and now have 4/20 hp.
You barely miss the quokka. The jackal completely misses you.
The quokka bites you but does no damage.
You closely miss the quokka. The jackal closely misses you.
The quokka barely misses you. The jackal closely misses you.
You closely miss the quokka. The jackal barely misses you.
The quokka bites you.
You die...

Skill      XL: |  1  2  3 |
---------------+----------+-----
Fighting       | 1 |  1.1
Short Blades   | 2 |  2.1
Dodging        | |  2.8
Stealth        | |  4.3
Shields        | |  0.2
Spellcasting   | |  2.4
Hexes          | |  3.1

Action                   || total
-------------------------++-------
Melee: Dagger            ||    66
 Stab: Sleeping          ||    11
Armor: Robe              ||    10
Dodge: Dodged            ||    65

Levels and vault maps discovered:
D:1:      lightli_arrival_noodles, layout_basic, minmay_gold_behind_fungi
D:2:      layout_rooms, chequers_ecumenical_altar_grove

Notes
Turn   | Place    | Note
-------+----------+-------------------------------------------
     0 | D:1      | mcwallace the Kobold Enchanter began the quest for the Orb.
     0 | D:1      | Reached XP level 1. HP: 10/10 MP: 3/3
     0 | D:1      | magus.rc [v1.9.6]
   125 | D:1      | Reached XP level 2. HP: 16/16 MP: 5/5
   353 | D:1      | Reached skill level 1 in Fighting
   411 | D:1      | Reached XP level 3. HP: 20/20 MP: 6/6
   419 | D:1      | Reached skill level 2 in Short Blades
   729 | D:2      | HP: 4/20 [quokka (3)]
   732 | D:2      | Slain by a quokka

Vanquished Creatures
  4 dart slugs (D:1)
  4 ball pythons (D:1)
  An endoplasm (D:1)
  A giant cockroach (D:1)
  2 goblins
  A hobgoblin (D:1)
  A jackal (D:2)
  2 kobolds (D:1)
  2 quokkas (D:1)
  A bat (D:1)
  A frilled lizard (D:1)
  2 rats (D:1)
22 creatures vanquished.

Vanquished Creatures (others)
  5 toadstools (D:1)
5 creatures vanquished.

Grand Total: 27 creatures vanquished

Table legend:
 A = Non-vault XP
 B = Vault XP
 C = Vault XP percentage of total XP
 D = Non-vault monster count
 E = Vault monster count
 F = Vault count percentage of total count
                 A         B        C        D         E       F
            +---------+---------+-------+---------+---------+-------
      Total |      46 |       0 |   0.0 |      22 |       0 |   0.0
            +---------+---------+-------+---------+---------+-------
        D:1 |      42 |       0 |   0.0 |      20 |       0 |   0.0
        D:2 |       4 |       0 |   0.0 |       2 |       0 |   0.0
            +---------+---------+-------+---------+---------+-------

Illustrated notes

Table legend:
 A = Kills in this place as a percentage of kills in entire the game.
 B = Kills by you in this place as a percentage of kills by you in the entire game.
 C = Kills by friends in this place as a percentage of kills by friends in the entire game.
 D = Other kills in this place as a percentage of other kills in the entire game.
 E = Experience gained in this place as a percentage of experience gained in the entire game.
 F = Experience gained in this place divided by the number of levels of this place that you have seen.
                   A       B       C       D       E      F
               +-------+-------+-------+-------+-------+----------------------
         Total | 100.0 | 100.0 |   N/A |   N/A | 100.0 |  23.0
       Dungeon | 100.0 | 100.0 |   N/A |   N/A | 100.0 |  23.0
               +-------+-------+-------+-------+-------+----------------------

Table legend: (Time is in decaauts)
 A = Elapsed time spent in this place.
 B = Non-inter-level travel time spent in this place.
 C = Inter-level travel time spent in this place.
 D = Time resting spent in this place.
 E = Time spent auto-exploring this place.
 F = Levels seen in this place.
 G = Mean time per level.
                   A        B        C        D        E       F      G
               +--------+--------+--------+--------+--------+-----+--------+
         Total |    726 |    691 |     35 |      0 |    552 |   2 |  363.0 |
       Dungeon |    726 |    691 |     35 |      0 |    552 |   2 |  363.0 |
               +--------+--------+--------+--------+--------+-----+--------+

Top non-repeatable levels by time:
     D:1: 670 daAuts
     D:2: 55 daAuts
